[Event "Titled Tuesday Blitz November 29 Early 2022"]
[White "Sanchez, Robert"]
[Black "Balabayeva, Xeniya"]
[WhiteFideId "2034360"]
[BlackFideId "13719688"]
[WhiteElo "2319"]
[BlackElo "2041"]
[Result "1-0"]
[Round "02"]
[TimeControl "180+1"]
[Date "2022.11.30"]
[WhiteClock "0:00:58"]
[BlackClock "0:00:01"]

1. e4 c6 2. d4 d5 3. e5 Bf5 4. Nf3 e6 5. Be2 h5 6. O-O h4 7. h3 Be7 8. c4 Nd7 9. Nc3 dxc4 10. Bxc4 Nb6 11. Be2 Qd7 12. Be3 Nh6 13. Qb3 Nd5 14. Nxd5 exd5 15. Nh2 Be6 16. f4 Nf5 17. Bf2 Qc7 18. Rac1 Qb6 19. Qc3 Qb4 20. Nf3 Qxc3 21. bxc3 Kd7 22. Rfd1 b5 23. Bd3 a5 24. Ra1 Rhb8 25. Bxf5 Bxf5 26. Bxh4 Ba3 27. Rd2 b4 28. cxb4 Bxb4 29. Re2 Bc3 30. Rc1 Bb2 31. Rd1 Rb5 32. g4 Be4 33. Ng5 Bg6 34. f5 1-0


[Site "https://www.chess.com"]

[Event "Titled Tuesday Blitz November 29 Early 2022"]
[White "Sarana, Alexey"]
[Black "Terzi, Alexei"]
[WhiteFideId "24133795"]
[BlackFideId "13505076"]
[WhiteElo "2708"]
[BlackElo "2172"]
[Result "1-0"]
[Round "02"]
[TimeControl "180+1"]
[Date "2022.11.30"]
[WhiteClock "0:02:24"]
[BlackClock "0:01:34"]

1. d4 Nf6 2. c4 c5 3. d5 b5 4. cxb5 a6 5. e3 g6 6. Nc3 Bg7 7. a4 O-O 8. e4 e6 9. d6 a5 10. Nf3 Bb7 11. Bd3 Qb6 12. Bc2 Ng4 13. Bf4 f5 14. exf5 gxf5 15. O-O e5 16. Bg5 e4 17. Nh4 Be5 18. Be7 Bxh2+ 19. Kh1 h5 20. Nd5 1-0


[Site "https://www.chess.com"]

[Event "Titled Tuesday Blitz November 29 Early 2022"]
[White "Sellitti, Federico"]
[Black "Oparin, Grigoriy"]
[WhiteFideId "821829"]
[BlackFideId "24125890"]
[WhiteElo "2607"]
[BlackElo "2639"]
[Result "0-1"]
[Round "02"]
[TimeControl "180+1"]
[Date "2022.11.30"]
[WhiteClock "0:00:06"]
[BlackClock "0:01:44"]

1. e4 c5 2. Nc3 e6 3. g3 g6 4. Bg2 Bg7 5. d3 Nc6 6. Be3 d6 7. Qd2 Rb8 8. Nge2 b5 9. O-O b4 10. Nd1 Nge7 11. Bh6 O-O 12. Bxg7 Kxg7 13. Ne3 e5 14. f4 f6 15. h3 Be6 16. g4 Bf7 17. g5 fxg5 18. fxg5 Be6 19. Ng3 Qd7 20. Kh2 Rf4 21. Nd5 Rxf1 22. Rxf1 Bxd5 23. exd5 Nd4 24. Ne4 Nxd5 25. Qf2 Nf4 26. Nf6 Qf5 27. Qh4 h5 28. gxh6+ Kh8 29. Be4 Qe6 30. Qg5 Rf8 31. c3 Qxh3+ 32. Kg1 Nde6 33. Qg4 Rxf6 34. Rxf4 Nxf4 35. Qc8+ Qxc8 0-1


[Site "https://www.chess.com"]

[Event "Titled Tuesday Blitz November 29 Early 2022"]
[White "Seo, Jung Min"]
[Black "Schut, Han"]
[WhiteFideId "1734687"]
[BlackFideId "1005561"]
[WhiteElo "2455"]
[BlackElo "2024"]
[Result "1-0"]
[Round "02"]
[TimeControl "180+1"]
[Date "2022.11.30"]
[WhiteClock "0:01:09"]
[BlackClock "0:00:50"]

1. e4 c5 2. Nf3 d6 3. d4 cxd4 4. Nxd4 Nf6 5. Nc3 a6 6. Be3 e5 7. Nb3 Be6 8. f3 Be7 9. Qd2 O-O 10. O-O-O Nbd7 11. g4 b5 12. g5 b4 13. gxf6 bxc3 14. Qxc3 Nxf6 15. Na5 Qd7 16. Nc6 Rfc8 17. Nxe7+ Qxe7 18. Qa5 Qc7 19. Qxc7 Rxc7 20. Rxd6 a5 21. a3 a4 22. Be2 Rac8 23. Rd2 Bb3 24. Bd3 Nd7 25. Kb1 Be6 26. Rhd1 Rb8 27. Ka1 h6 28. Bf1 Rcb7 29. Rb1 Nb6 30. Bxb6 Rxb6 31. c3 Bb3 32. Be2 Rf6 33. Rf1 Rf4 34. Bd1 Rb6 35. Bxb3 axb3 36. Rd3 g5 37. h3 Kg7 38. c4 Rbf6 39. Rxb3 Rxe4 40. fxe4 Rxf1+ 41. Ka2 Re1 42. Rc3 Rxe4 43. c5 Rd4 44. c6 Rd8 45. b4 f5 46. b5 e4 47. c7 Rc8 48. b6 1-0


[Site "https://www.chess.com"]

[Event "Titled Tuesday Blitz November 29 Early 2022"]
[White "Shapiro, Daniel"]
[Black "Lehtosaari, Mauri"]
[WhiteFideId "2001780"]
[BlackFideId "501999"]
[WhiteElo "2315"]
[BlackElo "2499"]
[Result "1/2-1/2"]
[Round "02"]
[TimeControl "180+1"]
[Date "2022.11.30"]
[WhiteClock "0:00:53"]
[BlackClock "0:00:23"]

1. d4 d5 2. c4 c6 3. Nf3 Nf6 4. Qb3 dxc4 5. Qxc4 Bf5 6. Nc3 e6 7. Qb3 Qb6 8. Nd2 Nd5 9. e4 Nxc3 10. bxc3 Bg6 11. Bd3 Qxb3 12. axb3 Nd7 13. Nc4 c5 14. O-O Be7 15. Bf4 cxd4 16. cxd4 O-O 17. Na5 Bf6 18. Ra4 Nb6 19. Rb4 Rfd8 20. Be3 Rab8 21. Rc1 Be7 22. Rb5 Bf6 23. Rb4 Be7 24. Rb5 Bf6 25. Rb4 1/2-1/2


[Site "https://www.chess.com"]

[Event "Titled Tuesday Blitz November 29 Early 2022"]
[White "Sharifov, Mekhriddin"]
[Black "Huber, Benedikt"]
[WhiteFideId "14701545"]
[BlackFideId "12923583"]
[WhiteElo "2109"]
[BlackElo "2199"]
[Result "1-0"]
[Round "02"]
[TimeControl "180+1"]
[Date "2022.11.30"]
[WhiteClock "0:00:09"]
[BlackClock "0:00:05"]

1. a3 a6 2. e4 e5 3. f3 Nf6 4. Nc3 Nc6 5. Bc4 Bc5 6. Nge2 O-O 7. d3 Ne7 8. Bg5 c6 9. Bxf6 gxf6 10. Qd2 d5 11. Ba2 b5 12. Ng3 Kh8 13. Qh6 Ng6 14. Nh5 Rg8 15. exd5 b4 16. Ne4 Bf8 17. Qd2 Nf4 18. Nxf4 exf4 19. dxc6 bxa3 20. bxa3 Qd4 21. c3 Qe5 22. Bxf7 Rg7 23. d4 Qe7 24. Bd5 f5 25. O-O fxe4 26. Bxe4 Bh3 27. Rf2 Qg5 28. Kh1 Bf5 29. Re1 Bd6 30. c4 Rag8 31. Bd5 Rf8 32. c5 Bc7 33. Bc4 Re7 34. d5 Rxe1+ 35. Qxe1 Qg6 36. Re2 Qf6 37. Bxa6 Rb8 38. Re8+ Rxe8 39. Qxe8+ Kg7 40. Qe1 Qd4 41. d6 Ba5 42. Qg1 Qd3 43. c7 Qd2 44. c6 Qxd6 45. c8=Q Bxc8 46. Bxc8 Qxc6 47. Bf5 Bb6 48. Qb1 Be3 49. h3 Qc1+ 50. Qxc1 Bxc1 51. a4 Bd2 52. Kg1 Kf6 53. Bxh7 Ke5 54. Be4 Ba5 55. Bc6 Kf6 56. Bb5 Kg5 57. Kf1 Kh4 58. Ke2 Kg3 59. Kf1 Bd8 60. Bd7 Ba5 61. Bg4 Bb6 62. Ke2 Bd8 63. Kd3 Kxg2 64. Kc4 Kf2 65. Kb5 Ke3 66. a5 Kd4 67. a6 Kd5 68. a7 1-0


[Site "https://www.chess.com"]

[Event "Titled Tuesday Blitz November 29 Early 2022"]
[White "Shimanov, Aleksandr"]
[Black "Principe, Gerson"]
[WhiteFideId "4198603"]
[BlackFideId "3804550"]
[WhiteElo "2605"]
[BlackElo "2280"]
[Result "1-0"]
[Round "02"]
[TimeControl "180+1"]
[Date "2022.11.30"]
[WhiteClock "0:00:24"]
[BlackClock "0:00:09"]

1. e4 c6 2. d4 d5 3. Nc3 dxe4 4. Nge2 Nf6 5. Ng3 Nbd7 6. Ncxe4 e6 7. c3 Be7 8. Bd3 b6 9. O-O Bb7 10. Qe2 O-O 11. Bf4 Nd5 12. Bd2 c5 13. c4 N5f6 14. dxc5 Nxc5 15. Nxc5 Bxc5 16. Bc3 Bd4 17. Rad1 e5 18. Bxd4 exd4 19. Qd2 Qc7 20. Qg5 h6 21. Qh4 Rfe8 22. Nf5 Qe5 23. f3 Nh7 24. Rfe1 Qf6 25. Rxe8+ Rxe8 26. Qxf6 Nxf6 27. Nxd4 Rd8 28. Bc2 Rd7 29. Kf2 Kf8 30. b3 g6 31. Nb5 Rxd1 32. Bxd1 a6 33. Nc3 Bc6 34. Ke3 Ke7 35. Kd4 Kd6 36. b4 h5 37. h4 Nd7 38. Bc2 Ne5 39. Be4 Bd7 40. c5+ bxc5+ 41. bxc5+ Ke6 42. Bd5+ Kf6 43. Ne4+ Kf5 44. Nd6+ Kf4 45. Nxf7 1-0


[Site "https://www.chess.com"]

[Event "Titled Tuesday Blitz November 29 Early 2022"]
[White "Silva, Miguel Antonio Neto"]
[Black "Baskakov, Egor"]
[WhiteFideId "1911929"]
[BlackFideId "24197866"]
[WhiteElo "2223"]
[BlackElo "2211"]
[Result "0-1"]
[Round "02"]
[TimeControl "180+1"]
[Date "2022.11.30"]
[WhiteClock "0:00:14"]
[BlackClock "0:01:01"]

1. d4 Nf6 2. Nf3 e6 3. c4 d5 4. g3 Be7 5. Bg2 O-O 6. O-O Ne4 7. Qc2 f5 8. b3 c6 9. Ba3 Bd7 10. Ne5 Be8 11. Bxe7 Qxe7 12. Nc3 Nd7 13. Nd3 g5 14. Rae1 Bg6 15. f3 Nxc3 16. Qxc3 f4 17. e3 fxg3 18. hxg3 Qd6 19. Ne5 Nxe5 20. dxe5 Qe7 21. cxd5 cxd5 22. Rc1 Rad8 23. Qd4 b6 24. Rc3 Qa3 25. Rf2 Rc8 26. f4 gxf4 27. gxf4 Bf5 28. e4 Rxc3 29. Qxc3 dxe4 30. Qe3 Rd8 31. Kh2 Qe7 32. Qg3+ Kh8 33. Re2 Rg8 34. Qf2 Qg7 35. Re3 Qh6+ 36. Kg1 Bh3 37. Rg3 Rxg3 38. Qxg3 Bxg2 39. Kxg2 Qg6 40. Qxg6 hxg6 41. Kf2 Kg7 42. Ke3 Kh6 43. Kxe4 Kh5 44. Kf3 g5 45. b4 gxf4 46. Kxf4 Kh4 47. b5 Kh5 48. Kf3 Kg5 49. Ke4 Kg4 50. a3 Kg5 51. Ke3 Kf5 52. Kd4 Kf4 53. a4 Kf5 0-1


[Site "https://www.chess.com"]

[Event "Titled Tuesday Blitz November 29 Early 2022"]
[White "Skliarov, Viktor"]
[Black "Pranav, V"]
[WhiteFideId "14106736"]
[BlackFideId "25060783"]
[WhiteElo "2284"]
[BlackElo "2430"]
[Result "1/2-1/2"]
[Round "02"]
[TimeControl "180+1"]
[Date "2022.11.30"]
[WhiteClock "0:00:09"]
[BlackClock "0:00:08"]

1. e4 e5 2. Nc3 Nf6 3. Bc4 Nc6 4. d3 Bc5 5. a3 d6 6. h3 Be6 7. Nd5 h6 8. Ne2 O-O 9. Ng3 a6 10. O-O b5 11. Ba2 Ba7 12. Be3 Nd7 13. Bxa7 Rxa7 14. f4 exf4 15. Rxf4 Qg5 16. Qf3 Nce5 17. Qf2 Rb7 18. Ne3 Ng6 19. Bxe6 fxe6 20. Rxf8+ Ndxf8 21. Rf1 c5 22. Ne2 Kh7 23. Qg3 Qxg3 24. Nxg3 Kg8 25. c3 Ne5 26. Rd1 Nfg6 27. d4 cxd4 28. cxd4 Nc4 29. Nxc4 bxc4 30. Rc1 Rxb2 31. Rxc4 Nf4 32. Kf1 Nxg2 33. Rc6 Ne3+ 34. Ke1 Rg2 35. Ne2 d5 36. exd5 exd5 37. Rxa6 Rh2 38. a4 Nc4 39. a5 Rh1+ 40. Kf2 Ra1 41. Ra8+ Kh7 42. a6 Ra2 43. Kf3 g5 44. Ng3 Ra3+ 45. Kg2 Ne3+ 46. Kg1 Nc2 47. Nf5 Nb4 48. a7 Nc6 49. Rc8 Nxa7 50. Rc7+ Kg6 51. Ne7+ Kh5 52. Nxd5 Nb5 53. Nf6+ Kh4 54. Rc5 Nxd4 55. Rc4 Rd3 56. Kg2 Rd2+ 57. Kf1 Kxh3 58. Ne4 Rd1+ 59. Kf2 Nf5 60. Rc5 Kg4 61. Nf6+ Kf4 62. Nh5+ Kg4 63. Nf6+ Kh4 64. Rxf5 h5 65. Nxh5 Kxh5 66. Ra5 Kh4 67. Kg2 Rd2+ 68. Kg1 g4 69. Ra3 Rd1+ 70. Kg2 Rd2+ 71. Kg1 Rc2 72. Rb3 Rc1+ 73. Kg2 Rc2+ 74. Kg1 Kg5 75. Ra3 Re2 76. Kf1 Re8 77. Kg1 Kh4 78. Rb3 Rf8 79. Ra3 Rc8 80. Rb3 Rc2 81. Ra3 Kg5 82. Rb3 Kf4 83. Ra3 Re2 84. Rb3 Re4 85. Ra3 Ke5 86. Rb3 Rf4 87. Ra3 Ke4 88. Rb3 Rf3 89. Rb4+ Kf5 90. Kg2 Kg5 91. Ra4 Kh4 92. Rb4 Ra3 93. Rb2 Rh3 94. Ra2 Rg3+ 95. Kh2 Re3 96. Kg2 Kg5 97. Kg1 Kf4 98. Kf2 Rh3 99. Kg2 Rg3+ 100. Kf2 Rf3+ 101. Kg2 Kg5 102. Ra5+ Kh4 103. Ra2 Rh3 104. Rb2 Rg3+ 105. Kh2 Rc3 106. Kg2 Rg3+ 107. Kh2 Rf3 108. Kg2 Rf4 109. Ra2 g3 110. Rb2 Kg4 111. Ra2 Rf2+ 112. Rxf2 gxf2 113. Kxf2 1/2-1/2


[Site "https://www.chess.com"]

[Event "Titled Tuesday Blitz November 29 Early 2022"]
[White "Slimnico"]
[Black "Dudzinski, Pawel"]
[BlackFideId "1117890"]
[WhiteElo "2704"]
[BlackElo "2086"]
[Result "1/2-1/2"]
[Round "02"]
[TimeControl "180+1"]
[Date "2022.11.30"]
[WhiteClock "0:00:08"]
[BlackClock "0:00:02"]

1. e4 c6 2. d4 d5 3. exd5 cxd5 4. Bd3 Nf6 5. c3 Nc6 6. Bf4 Ne4 7. Nd2 Nd6 8. Ngf3 Bf5 9. Be2 e6 10. O-O Be7 11. Ne5 O-O 12. g4 Bg6 13. Nxg6 fxg6 14. Bg3 Bh4 15. f4 Bxg3 16. hxg3 g5 17. Kg2 gxf4 18. gxf4 Ne7 19. Bd3 Ng6 20. Bxg6 hxg6 21. Qe2 Qf6 22. Rae1 Rae8 23. Qe5 Nf7 24. Qe3 Nd6 25. Rf3 b6 26. Rh1 Kf7 27. Qe5 Ke7 28. Rh7 Rf7 29. Re3 Kd7 30. Nf3 Ree7 31. Ng5 Qxf4 32. Nxf7 Qxf7 33. Rf3 Qg8 34. Rh1 Ne4 35. Rhf1 g5 36. Rf8 Qh7 37. Qb8 Kc6 38. Qc8+ Kb5 39. Qd8 Nxc3 40. bxc3 Qe4+ 41. R8f3 Qxg4+ 42. Rg3 Qe2+ 43. Rf2 Qe4+ 44. Kg1 Qe1+ 45. Kg2 Qe4+ 46. Kf1 Qb1+ 47. Kg2 Qe4+ 1/2-1/2


[Site "https://www.chess.com"]

[Event "Titled Tuesday Blitz November 29 Early 2022"]
[White "Sovetbekova, Nurai"]
[Black "Kuznetsova, Olga"]
[WhiteFideId "13801910"]
[BlackFideId "4191323"]
[WhiteElo "1925"]
[BlackElo "2134"]
[Result "0-1"]
[Round "02"]
[TimeControl "180+1"]
[Date "2022.11.30"]
[WhiteClock "0:00:01"]
[BlackClock "0:01:18"]

1. d4 Nf6 2. c4 e6 3. g3 d5 4. Bg2 Be7 5. Nf3 O-O 6. O-O dxc4 7. Ne5 c5 8. dxc5 Qc7 9. Nxc4 Rd8 10. Qb3 Qxc5 11. Be3 Qh5 12. h3 e5 13. Nc3 Bxh3 14. Bxh3 Qxh3 15. Nxe5 Nc6 16. Nxf7 Kf8 17. Ng5 Qh5 18. Ne6+ Kg8 19. Nxd8+ Kh8 20. Nf7+ Kg8 21. Nh6+ Kh8 22. Nf7+ Kg8 23. Ne5+ Kf8 24. Nxc6 bxc6 25. Qb7 Ng4 26. Qxa8+ Kf7 27. Kg2 Qh2+ 28. Kf3 Qh5 29. Kg2 Qh2+ 30. Kf3 Ne5+ 31. Ke4 Qh5 32. f4 Nc4 0-1


[Site "https://www.chess.com"]

[Event "Titled Tuesday Blitz November 29 Early 2022"]
[White "Stankovic, Ivan G"]
[Black "Gatterer, Florian"]
[WhiteFideId "902837"]
[BlackFideId "811688"]
[WhiteElo "2226"]
[BlackElo "2218"]
[Result "1-0"]
[Round "02"]
[TimeControl "180+1"]
[Date "2022.11.30"]
[WhiteClock "0:00:55"]
[BlackClock "0:00:27"]

1. e4 e5 2. d4 exd4 3. Qxd4 Nc6 4. Qe3 Nf6 5. Nc3 Bb4 6. Bd2 O-O 7. O-O-O Re8 8. f3 d5 9. Qf2 Bxc3 10. Bxc3 Qe7 11. exd5 Nb4 12. Bc4 Bf5 13. Bb3 a5 14. a3 Na6 15. Re1 Qd6 16. Ne2 a4 17. Bc4 Nxd5 18. Rd1 c6 19. Bxd5 cxd5 20. Nd4 Bg6 21. f4 Be4 22. Qg3 f6 23. Rhe1 Nc5 24. Bb4 b6 25. h4 Qd7 26. h5 h6 27. Bc3 Rac8 28. Kb1 b5 29. f5 Nb3 30. Rxe4 dxe4 31. cxb3 e3 32. Re1 Qe7 33. Ne6 Rxc3 34. bxc3 Qxa3 35. Qxg7# 1-0


[Site "https://www.chess.com"]

[Event "Titled Tuesday Blitz November 29 Early 2022"]
[White "Timofeev, Artyom"]
[Black "Szalay, Karoly"]
[WhiteFideId "4140419"]
[BlackFideId "2600544"]
[WhiteElo "2586"]
[BlackElo "2539"]
[Result "1-0"]
[Round "02"]
[TimeControl "180+1"]
[Date "2022.11.30"]
[WhiteClock "0:01:56"]
[BlackClock "0:00:57"]

1. d4 d5 2. Nc3 e6 3. e4 dxe4 4. Nxe4 b6 5. Qf3 c6 6. Be3 Nf6 7. Bd3 Bb4+ 8. c3 Be7 9. O-O-O a5 10. Nxf6+ Bxf6 11. g4 a4 12. a3 Ba6 13. Be4 Bb7 14. h4 h6 15. g5 hxg5 16. hxg5 Rxh1 17. Qxh1 Bxg5 18. Qh8+ Kd7 19. Qxg7 Bxe3+ 20. fxe3 Qe7 21. Nf3 f6 22. Rg1 Ba6 23. Qh6 Qe8 24. Rg7+ Kc8 25. Qh7 Nd7 26. Rg8 Nf8 27. Qg7 1-0


[Site "https://www.chess.com"]

[Event "Titled Tuesday Blitz November 29 Early 2022"]
[White "Troltenier, Dirk"]
[Black "Manukyan, Artyom"]
[WhiteFideId "4606400"]
[BlackFideId "13305786"]
[WhiteElo "2336"]
[BlackElo "2078"]
[Result "0-1"]
[Round "02"]
[TimeControl "180+1"]
[Date "2022.11.30"]
[WhiteClock "0:00:02"]
[BlackClock "0:01:30"]

1. e4 e6 2. d4 d5 3. e5 Bd7 4. c3 a6 5. a4 c5 6. Nf3 Nc6 7. Be2 Be7 8. O-O cxd4 9. cxd4 f6 10. Nc3 fxe5 11. Nxe5 Nf6 12. Bh5+ g6 13. Bg4 O-O 14. Bh6 Re8 15. Re1 Nxe5 16. Rxe5 Nxg4 17. Qxg4 Bd6 18. Rg5 Kh8 19. Re1 Rc8 20. h4 e5 21. Qg3 exd4 22. Rxe8+ Bxe8 23. Qd3 Qf6 24. Nd1 Bf4 25. g3 Bxg5 26. Bxg5 Qe5 27. Kg2 Qe4+ 0-1


[Site "https://www.chess.com"]

[Event "Titled Tuesday Blitz November 29 Early 2022"]
[White "Urquhart, Ed"]
[Black "Aung Thant Zin"]
[WhiteFideId "2603748"]
[BlackFideId "13000063"]
[WhiteElo "2184"]
[BlackElo "2278"]
[Result "1-0"]
[Round "02"]
[TimeControl "180+1"]
[Date "2022.11.30"]
[WhiteClock "0:00:18"]
[BlackClock "0:00:02"]

1. e4 c5 2. Nc3 a6 3. f4 e6 4. Nf3 d5 5. g3 Nc6 6. Bg2 dxe4 7. Nxe4 Be7 8. O-O Nf6 9. Nf2 O-O 10. b3 Rb8 11. Bb2 b5 12. Nd3 Bb7 13. Qe2 Nd4 14. Nxd4 cxd4 15. Bxb7 Rxb7 16. Rac1 Qd5 17. Qf3 Rd8 18. Qxd5 Rxd5 19. Rfe1 h6 20. Kf2 Rc7 21. Kf3 Bf8 22. Re5 Rd8 23. Ne1 Bd6 24. Re2 Bc5 25. d3 b4 26. h3 Bb6 27. g4 Rdc8 28. Kg3 a5 29. Nf3 Rd8 30. Ne5 a4 31. Nc4 Bc5 32. Rce1 Ra8 33. f5 exf5 34. gxf5 axb3 35. axb3 Ra2 36. Bc1 Nd5 37. Bf4 Rd7 38. h4 Nc3 39. Re8+ Kh7 40. Rc1 Re7 41. Rxe7 Bxe7 42. Kf3 Bxh4 43. Bd6 Bg5 44. Re1 Rxc2 45. Bxb4 h5 46. Ne5 f6 47. Ng6 Nd5 48. Re8 Nc3 49. Rh8# 1-0


[Site "https://www.chess.com"]

[Event "Titled Tuesday Blitz November 29 Early 2022"]
[White "Valle Maytin, Luis Enrique"]
[Black "Nguyen, Thai Dai Van"]
[WhiteFideId "3503666"]
[BlackFideId "358878"]
[WhiteElo "2225"]
[BlackElo "2534"]
[Result "0-1"]
[Round "02"]
[TimeControl "180+1"]
[Date "2022.11.30"]
[WhiteClock "0:00:04"]
[BlackClock "0:00:28"]

1. e4 c5 2. Nf3 e6 3. d4 cxd4 4. Nxd4 Nf6 5. Nc3 Nc6 6. a3 Be7 7. Be3 O-O 8. f4 e5 9. Nxc6 dxc6 10. fxe5 Ng4 11. Qxd8 Rxd8 12. Bf4 g5 13. Bg3 Ne3 14. Rc1 Be6 15. Bd3 Nxg2+ 16. Kf2 Bh3 17. b4 a5 18. Rb1 axb4 19. axb4 Ra3 20. Ne2 h5 21. e6 fxe6 22. Ng1 Rf8+ 23. Ke2 Bg4+ 24. Kd2 h4 25. Bc7 Rf2+ 26. Kc1 Rxd3 27. cxd3 Ne3 28. Rb2 Rf1+ 29. Kd2 Rf2+ 30. Kxe3 Rxb2 31. h3 Bh5 32. Nf3 Bxb4 33. Ne5 c5 34. Rg1 Re2# 0-1


[Site "https://www.chess.com"]

[Event "Titled Tuesday Blitz November 29 Early 2022"]
[White "Van Foreest, Jorden"]
[Black "Tasev, Dejan"]
[WhiteFideId "1039784"]
[BlackFideId "936618"]
[WhiteElo "2661"]
[BlackElo "2256"]
[Result "0-1"]
[Round "02"]
[TimeControl "180+1"]
[Date "2022.11.30"]
[WhiteClock "0:03:13"]
[BlackClock "0:00:10"]

1. b3 Nf6 2. Bb2 g6 3. e3 Bg7 4. c4 O-O 5. d4 b6 6. Nf3 Bb7 7. Be2 e6 8. O-O d5 9. Nc3 c6 10. cxd5 exd5 11. Rc1 Nbd7 12. a4 a5 13. Ba3 Re8 14. Re1 Rc8 15. Bf1 Ne4 16. Nxe4 Rxe4 17. g3 f5 18. Bg2 Re8 19. Bd6 Qf6 20. Bf4 h6 21. h4 Kh7 22. Rc2 Bf8 23. Ne5 Nxe5 24. Bxe5 Qe6 25. Qd3 Bb4 26. Rec1 h5 27. Bf3 c5 28. Qf1 Red8 29. Kh2 Ra8 30. Qe2 Ba6 31. Qd1 Qf7 32. Qh1 Rac8 33. Rd1 c4 34. Rdc1 c3 35. Be2 Bxe2 36. Rxe2 Qb7 37. Rec2 b5 38. Qf1 bxa4 39. bxa4 Rc4 40. Rb1 Qc6 41. Qd3 Qxa4 42. Kg2 Qc6 43. Ra1 Re8 44. Rca2 Rxe5 45. dxe5 d4+ 46. Kh2 dxe3 47. Qxe3 Re4 48. Qd3 Rxe5 49. Rc2 f4 50. Rd1 Re7 51. Qd4 Qf3 52. Qxf4 Qxd1 53. Rc1 Qd7 54. Qf6 Rf7 55. Qb6 Qf5 56. Rf1 c2 57. Qe3 Rd7 58. Qb6 Rd1 59. Qb7+ Qd7 60. Rxd1 cxd1=Q 0-1


[Site "https://www.chess.com"]

[Event "Titled Tuesday Blitz November 29 Early 2022"]
[White "Van Osch, Mees"]
[Black "Manukyan, Sargis A."]
[WhiteFideId "1035967"]
[BlackFideId "13303970"]
[WhiteElo "2324"]
[BlackElo "2187"]
[Result "0-1"]
[Round "02"]
[TimeControl "180+1"]
[Date "2022.11.30"]
[WhiteClock "0:01:56"]
[BlackClock "0:02:28"]

1. e4 c5 2. Nf3 d6 3. d4 cxd4 4. Nxd4 Nf6 5. Nc3 g6 6. Be3 Bg7 7. f3 O-O 8. Qd2 Nc6 9. Bc4 Bd7 10. Bb3 Rc8 11. g4 Nxd4 12. Bxd4 b5 13. a3 a5 14. h4 b4 15. axb4 axb4 16. Nd5 Nxd5 17. Bxd5 Bxd4 18. Qxd4 Rxc2 19. Bb3 Rc5 20. h5 Qb6 21. Rd1 Rb5 22. Qd2 g5 23. h6 Kh8 24. Bd5 f6 25. Kf1 Rc5 26. Rh5 Ba4 27. Ra1 Rc2 28. Qe1 Bb5+ 0-1


[Site "https://www.chess.com"]

[Event "Titled Tuesday Blitz November 29 Early 2022"]
[White "Visakh N R"]
[Black "Jimenez Almeida, Luis David"]
[WhiteFideId "25012223"]
[BlackFideId "22242244"]
[WhiteElo "2466"]
[BlackElo "2158"]
[Result "1/2-1/2"]
[Round "02"]
[TimeControl "180+1"]
[Date "2022.11.30"]
[WhiteClock "0:00:12"]
[BlackClock "0:00:06"]

1. e4 Nf6 2. Nc3 d5 3. e5 d4 4. exf6 dxc3 5. fxe7 cxd2+ 6. Qxd2 Bxe7 7. Qxd8+ Bxd8 8. Bf4 O-O 9. O-O-O Be6 10. Nf3 Re8 11. Bd3 h6 12. Rhe1 Nc6 13. Bc4 Rc8 14. Bxe6 Rxe6 15. Rxe6 fxe6 16. Ne5 Ne7 17. Rd7 Nd5 18. Bd2 Bf6 19. Ng4 Bd4 20. c4 h5 21. cxd5 hxg4 22. dxe6 Bxf2 23. Bc3 Be3+ 24. Kc2 Bh6 25. e7 Re8 26. Rxc7 Bf4 27. Rxb7 Bxh2 28. Rxa7 Kf7 29. a4 Bg1 30. Rd7 Ke6 31. Rd1 Ba7 32. Re1+ Kf5 33. Bxg7 Kf4 34. b4 Kg3 35. Re2 Bf2 36. Be5+ Kxg2 37. Bd6 Kf3 38. Re6 g3 39. Rf6+ Ke2 40. Re6+ Kf3 41. Rf6+ Ke2 42. Rg6 Kf3 43. Bc5 Bxc5 44. bxc5 Rxe7 45. Kb3 g2 46. c6 Re6 47. Rxe6 g1=Q 48. Kc4 Qb6 49. Kd5 Kf4 50. Re7 Qa5+ 51. Ke6 Qxa4 52. c7 Qc6+ 53. Kf7 Kf5 54. Kf8 Kf6 55. Rf7+ Ke6 56. Re7+ Kd6 57. Kf7 Qa8 58. Kf6 Qf8+ 59. Rf7 Qc8 60. Kg6 Ke5 61. Re7+ Kd6 62. Rf7 Ke6 63. Rf6+ Ke5 64. Rf7 Qg8+ 65. Rg7 Qe6+ 66. Kh7 Qh3+ 67. Kg6 Qg4+ 68. Kh7 Qh5+ 69. Kg8 Qe8+ 70. Kh7 Kf6 71. c8=Q Qxc8 72. Rg6+ Kf5 73. Rg7 Qf8 74. Rg5+ Ke6 75. Rg6+ Ke5 76. Rg5+ Kf4 77. Rg6 Qf5 78. Kg7 Qd7+ 79. Kf6 Qd6+ 80. Kf7 Qc7+ 81. Ke6 Ke4 82. Rf6 Qc6+ 83. Ke7 Qc7+ 84. Ke6 Qd8 85. Rg6 Qd5+ 86. Kf6 Kf4 87. Kg7 Kf5 88. Rf6+ Ke5 89. Rg6 Qf3 90. Rg5+ Ke6 91. Rg6+ Ke7 92. Kh6 Qh3+ 93. Kg5 Qg3+ 94. Kf5 Qd3+ 95. Kg5 Kf7 96. Rf6+ Kg7 97. Rf4 Qe3 98. Kf5 Qc5+ 99. Ke4 Kg6 100. Rg4+ Kf6 101. Rf4+ Kg5 102. Rf3 Qc6+ 103. Ke3 Kg4 104. Rf4+ Kg3 105. Rd4 Qc3+ 106. Rd3 Qe5+ 107. Kd2+ Kf2 108. Rc3 Qd4+ 109. Kc2 Ke2 110. Kb3 Kd2 111. Rc2+ Kd3 112. Rb2 Qb6+ 113. Ka2 Qa5+ 114. Kb3 Qb5+ 115. Ka3 Qc5+ 116. Kb3 Qc3+ 117. Ka2 Qc4+ 118. Kb1 Qa4 119. Ra2 Qb3+ 120. Rb2 Qd1+ 121. Ka2 Kc3 1/2-1/2


[Site "https://www.chess.com"]

[Event "Titled Tuesday Blitz November 29 Early 2022"]
[White "Vlassov, Nikolai"]
[Black "Wieczorek, Zbigniew"]
[WhiteFideId "4103360"]
[BlackFideId "1102001"]
[WhiteElo "2324"]
[BlackElo "2309"]
[Result "1-0"]
[Round "02"]
[TimeControl "180+1"]
[Date "2022.11.30"]
[WhiteClock "0:02:12"]
[BlackClock "0:01:34"]

1. e4 g6 2. Nc3 Bg7 3. h4 h5 4. Nf3 c6 5. Ng5 d5 6. d4 Nf6 7. e5 Ng4 8. f3 Nh6 9. e6 f6 10. Bd3 Nf5 11. Nf7 Qb6 12. Bxf5 gxf5 13. Nxh8 Bxh8 14. f4 Bxe6 15. Qxh5+ Kd7 16. Qxh8 Qxd4 17. Bd2 Qc5 18. O-O-O b5 19. h5 1-0


[Site "https://www.chess.com"]

[Event "Titled Tuesday Blitz November 29 Early 2022"]
[White "Volkov, Maksim"]
[Black "Caruana, Fabiano"]
[WhiteFideId "54123070"]
[BlackFideId "2020009"]
[WhiteElo "2257"]
[BlackElo "2847"]
[Result "0-1"]
[Round "02"]
[TimeControl "180+1"]
[Date "2022.11.30"]
[WhiteClock "0:00:09"]
[BlackClock "0:00:19"]

1. d4 Nf6 2. c4 Nc6 3. Nf3 e6 4. Nc3 Bb4 5. Qc2 O-O 6. a3 Bxc3+ 7. Qxc3 d6 8. g3 e5 9. Bg2 e4 10. Nd2 Re8 11. Nf1 h6 12. Ne3 Ne7 13. d5 Ng6 14. b4 Bd7 15. Bb2 b6 16. h4 a5 17. O-O Ne5 18. Qd4 Bg4 19. Rfe1 Qd7 20. c5 axb4 21. axb4 bxc5 22. bxc5 Qb5 23. cxd6 cxd6 24. Nxg4 Nexg4 25. Rxa8 Rxa8 26. Bxe4 Ra4 27. Bd3 Rxd4 28. Bxb5 Rb4 29. Bxf6 Nxf6 30. Bc6 g5 31. hxg5 hxg5 32. f3 g4 33. Kf2 Kg7 34. Ra1 Nh7 35. Ra7 Nf6 36. Ra8 Rb2 37. Rd8 gxf3 38. Kxf3 Rb3+ 39. Kg2 Ne4 40. g4 Rg3+ 41. Kh2 Rxg4 42. Bd7 Rg5 43. Bc8 Kf6 44. Bb7 Ke5 45. Re8+ Kf4 46. Rf8 f5 47. Bc8 Ng3 48. Rf6 Ne4 49. Rf8 Ke5 50. e3 Nf6 51. Be6 Ng4+ 52. Kh3 Nxe3 53. Kh4 Rg1 54. Kh3 f4 55. Bd7 Rg3+ 56. Kh4 Ng2+ 57. Kh5 f3 58. Bg4 Ke4 59. Re8+ Kxd5 60. Rf8 Ke4 61. Re8+ Kf4 62. Rf8+ Ke3 63. Rf6 f2 0-1


[Site "https://www.chess.com"]

[Event "Titled Tuesday Blitz November 29 Early 2022"]
[White "Wagner, Dennis"]
[Black "Mohammed, Dilshad"]
[WhiteFideId "24650684"]
[BlackFideId "5050421"]
[WhiteElo "2470"]
[BlackElo "2102"]
[Result "1-0"]
[Round "02"]
[TimeControl "180+1"]
[Date "2022.11.30"]
[WhiteClock "0:00:03"]
[BlackClock "0:00:16"]

1. d4 d5 2. Nf3 Nf6 3. c4 e6 4. g3 c6 5. Bg2 Be7 6. O-O O-O 7. Qc2 Nbd7 8. Bf4 c5 9. dxc5 Nxc5 10. Rd1 a5 11. Nc3 a4 12. Ne5 a3 13. b4 Na6 14. b5 Nb4 15. Qb3 Qb6 16. Be3 Qa5 17. c5 Qc7 18. Qxb4 Qxe5 19. Qb3 Bd7 20. Rac1 Ng4 21. Bd4 Qf5 22. h3 Nf6 23. g4 Qg6 24. Na4 h5 25. Nb6 Rad8 26. c6 bxc6 27. bxc6 Bxc6 28. Rxc6 hxg4 29. Rdc1 Rb8 30. hxg4 Nxg4 31. Qg3 Qg5 32. Nd7 Rfd8 33. Nxb8 Rxb8 34. Qxb8+ Kh7 35. Rc8 Kg6 36. Qg3 Bd8 37. f3 Bb6 38. Bxb6 Qxc1+ 39. Rxc1 1-0


[Site "https://www.chess.com"]